 Dungeon Crawl Stone Soup version 0.31-a0-1010-g5322dac6a2 (webtiles) character file.

Game seed: 4454808162964171542

179 kae the Vexing (level 5, -1/52 HPs)
             Began as a Demonspawn Enchanter on Nov 16, 2023.
             Was an Initiate of Dithmenos.
             Slain by Robin
             ... wielding a +1 heavy falchion
              (4 damage)
             ... on level 3 of the Dungeon.
             The game lasted 00:02:13 (3195 turns).

kae the Vexing (Demonspawn Enchanter)               Turns: 3195, Time: 00:02:14

Health: -1/52      AC:  4    Str: 11    XL:     5   Next: 32%
Magic:  9/9        EV: 14    Int: 16    God:    Dithmenos [......]
Gold:   160        SH:  0    Dex: 13    Spells: 7/9 levels left

rFire   . . .        n - +2 short sword (speed)
rCold   . . .        (no shield)
rNeg    . . .        b - +1 robe
rPois   +            (no helmet)
rElec   .            (no cloak)
rCorr   .            h - +0 pair of gloves
SInv    .            (no boots)
Will    .....        (no amulet) Stlth
                     P - ring of poison resistance
HPRegen 0.28/turn    (no ring)
MPRegen 0.11/turn

%: no passive effects
@: berserking, very quick
A: repulsion field 1
a: Renounce Religion


You were on level 3 of the Dungeon.
You worshipped Dithmenos.
Dithmenos was noncommittal.
You visited 1 branch of the dungeon, and saw 4 of its levels.

You collected 160 gold pieces.


Innate Abilities, Weirdness & Mutations

You are surrounded by a mild repulsion field. (EV +2)


   Skills:
 * Level 2.8 Short Blades
 - Level 1.7 Dodging
 + Level 3.5 Stealth
 + Level 2.8 Spellcasting
 + Level 3.7 Hexes
 + Level 1.1 Ice Magic


You had 7 spell levels left.
You knew the following spells:

 Your Spells              Type           Power      Damage    Failure   Level
a - Ensorcelled Hibernat  Hex/Ice        20%        N/A       11%         2

Your spell library contained the following spells:

 Spells                   Type           Power      Damage    Failure   Level
 Slow                     Hex            56%        N/A       4%          1
 Confusing Touch          Hex            14%        N/A       12%         3
 Sigil of Binding         Hex            14%        N/A       12%         3
 Tukima's Dance           Hex            14%        N/A       12%         3
 Dazzling Flash           Conj/Hex       16%        N/A       26%         3
 Wereblood                Tmut           2%         N/A       28%         2
 Vampiric Draining        Necr           2%         2d6       50%         3
 Irradiate                Conj/Tmut      1%         3d12      99%         5

Inventory:

Hand Weapons
 a - a +1 dagger
 n - a +2 short sword of speed (weapon)
   (You took it off a kobold on level 2 of the Dungeon)
Missiles
 i - 27 stones
 l - 2 boomerangs
 o - 6 datura-tipped darts
Armour
 b - a +1 robe (worn)
 h - a +0 pair of gloves (worn)
   (You found it on level 3 of the Dungeon)
Magical Staves
 m - a staff of conjuration {!a}
   (You took it off a hobgoblin on level 2 of the Dungeon)
Jewellery
 P - a ring of poison resistance (left hand)
   (You found it on level 1 of the Dungeon)
 T - an amulet of faith {!P}
   (You found it on level 1 of the Dungeon)
Wands
 e - a wand of flame (21)
   (You took it off a goblin on level 3 of the Dungeon)
Scrolls
 f - a scroll of fog
Potions
 c - 2 potions of invisibility
 d - a potion of cancellation
 g - 4 potions of degeneration {!q}
 j - 2 potions of heal wounds {unknown}
 k - a potion of attraction {!q}
 p - a potion of mutation {!q}
 r - a potion of curing {unknown}

Dungeon Overview and Level Annotations

Branches:
Dungeon (4/15) Zot: 20861
 Temple: D:4-7

Altars:
Dithmenos
Vehumet

Annotations:
D:3 Robin
D:4 exclusion: orc wizard, Natasha

########### #.........#
#.........# #.........#
#.........#
#.........##########
#...g...............
####gg...###########
#@gg..............
#g################
######.# #......# #
##......# ####.####.####
##..####.###...........##
#.................).##.#
#.≈≈≈≈≈≈≈≈§........†.#.#
##.≈.......≈..........#.#
#..≈.≈≈≈≈≈.≈.###......#.##


You could see Robin and 5 goblins.


Message History

A hobgoblin is nearby!
A hobgoblin is nearby!
A hobgoblin is nearby!
The hobgoblin shouts!
You barely miss the hobgoblin.
A hobgoblin is nearby!
You hit the hobgoblin.
The hobgoblin hits you but does no damage.
You hit the hobgoblin.
A hobgoblin is nearby!
You hit the hobgoblin. The hobgoblin closely misses you.
You closely miss the hobgoblin.
The hobgoblin hits you but does no damage.
A hobgoblin is nearby!
You hit the hobgoblin.
You kill the hobgoblin!
Dithmenos accepts your kill.
No target in view!
s - a scroll labelled EZEYNU OMOD No target in view!
No target in view!
Found an escape hatch in the ceiling.
Key pressed, stopping explore.
No target in view!
No target in view!
There is an escape hatch in the ceiling here. 2 orcs come into view.
The orc shouts!
There are monsters nearby!
An orc comes into view. It is wielding a +0 hand axe.
The orc shouts!
You hear a shout!
The orc shouts!
You hear a shout!
An orc comes into view. It is wielding a +0 short sword.
You hear an angry hiss.
There are monsters nearby!
An orc priest comes into view. It is wielding a +0 hand axe.
The orc priest invokes the aid of Beogh against you.
Beogh smites you! 😮 HP[-9]
You take 9 damage, and now have 26/35 hp.
MASSIVE DAMAGE!! (PAUSE)
The orc attacks as it pursues you! The orc barely misses you. 😕 HP[+1]
There is an escape hatch in the ceiling here. 😕 HP[+1]
A mysterious force pulls you upwards. The hatch slams shut behind you.
Done exploring. 😕 HP[+1]
You start resting. 😎 HP[+6]
Your hp is fully restored (35).
There is a shadowy altar of Dithmenos here.
There is a stone staircase leading down here.
You climb downwards.
Level annotation: exclusion: orc wizard, Natasha The goblin shouts! x3; Robin shouts!
The goblin shouts! x2
The hobgoblin shouts! x2; The goblin shouts!
Robin roars a battlecry!
The goblins go into a battle-frenzy!
The goblin hits you with a +0 dagger.
The hobgoblin shouts!
You hear a shout!
There is a stone staircase leading up here.
There are monsters nearby!
There are monsters nearby!
There are monsters nearby! 😕 HP[-1]
You take 1 damage, and now have 34/35 hp.
The goblin shouts!
The goblin hits you with a +0 dagger. The goblin hits you with a +0 club.
The goblin closely misses you. The hobgoblin barely misses you.
The goblin closely misses you. The goblin hits you with a +0 club.
You climb upwards.
There is a stone staircase leading down here. 😮 HP[-10]
You take 10 damage, and now have 24/35 hp.
MASSIVE DAMAGE!! (PAUSE)
You barely miss the goblin. The goblin hits you but does no damage.
Robin hits you with a +1 heavy falchion!
* * * LOW HITPOINT WARNING * * *
The goblin hits you with a +0 dagger.
* * * LOW HITPOINT WARNING * * *
😨 HP[-15]
You take 15 damage, and now have 9/35 hp.
MASSIVE DAMAGE!! (PAUSE)
Okay, then.
As you read the scroll labelled EZEYNU OMOD, it crumbles to dust.
Your body is wracked with pain!
* * * LOW HITPOINT WARNING * * *
The goblin convulses! x3; Robin convulses!
The goblin convulses! x2
It was a scroll of torment.
The goblin hits you with a +0 dagger.
* * * LOW HITPOINT WARNING * * *
The goblin hits you but does no damage. 😱 HP[-7]
You take 7 damage, and now have 2/35 hp.
Unknown command.
It was a potion of berserk rage.
A red film seems to cover your vision as you go berserk!
You feel yourself moving faster!
You feel mighty!
Robin hits you with a +1 heavy falchion.
You die...
Robin says, "And that's why I'm the boss."

Skill      XL: |  1  2  3  4 |
---------------+-------------+-----
Short Blades   | 1 2 |  2.8
Stealth        | 3 |  3.5
Ice Magic      | 1 |  1.1
Dodging        | |  1.7
Spellcasting   | |  2.8
Hexes          | |  3.7

Action                     |  1- 3 |  4- 6 || total
---------------------------+-------+-------++-------
  Melee: Dagger            |    93 |       ||    93
         Punch             |     1 |       ||     1
         Short sword       |    26 |    95 ||   121
   Cast: Ensorcelled Hiber |     3 |     5 ||     8
    Use: Scroll            |       |     9 ||     9
         Potion            |       |     1 ||     1
   Stab: Sleeping          |    15 |     7 ||    22
 Armour: Robe              |    35 |    30 ||    65
  Dodge: Dodged            |    84 |    37 ||   121

Levels and vault maps discovered:
D:1:      eino_arrival_cavern_d, layout_basic
D:2:      layout_loops_corners
D:3:      layout_basic, vehumet_altar_wand_db,
          mainiacjoe_overflow_concentric_impassable
D:4:      layout_basic, lemuel_round_altar, minitemple, uniq_robin, uniq_natasha

Notes
Turn   | Place    | Note
-------+----------+-------------------------------------------
     0 | D:1      | kae the Demonspawn Enchanter began the quest for the Orb.
     0 | D:1      | Reached XP level 1. HP: 13/13 MP: 3/3
     0 | D:1      | magus.rc [v1.11.3]
    86 | D:1      | Reached skill level 1 in Short Blades
   236 | D:1      | Gained mutation: You are surrounded by a mild repulsion
                  | field. (EV +2) [demonic ancestry]
   236 | D:1      | Reached XP level 2. HP: 11/19 MP: 5/5
   799 | D:1      | You pick up a book of Changes and begin reading...
   799 | D:1      | You add the spells Wereblood and Irradiate to your library.
   893 | D:1      | HP: 3/19 [kobold/+0 dagger (3)]
   996 | D:1      | Learned a level 2 spell: Ensorcelled Hibernation
  1076 | D:2      | Reached skill level 3 in Stealth
  1142 | D:2      | Reached XP level 3. HP: 22/24 MP: 6/6
  1472 | D:2      | Reached skill level 2 in Short Blades
  1796 | D:2      | Reached XP level 4. HP: 30/30 MP: 7/7
  2114 | D:3      | You pick up a book of Debilitation and begin reading...
  2114 | D:3      | You add the spells Slow, Sigil of Binding and Vampiric
                  | Draining to your library.
  2157 | D:3      | Found a shadowy altar of Dithmenos.
  2202 | D:3      | Became a worshipper of Dithmenos the Shadowed
  2255 | D:3      | Found a radiant altar of Vehumet.
  2774 | D:4      | Reached skill level 1 in Ice Magic
  2774 | D:4      | Reached XP level 5. HP: 35/35 MP: 9/9
  2955 | D:4      | Noticed Natasha
  3190 | D:4      | Noticed Robin
  3194 | D:3      | HP: 6/35 [/a scroll of torment (3)]
  3194 | D:3      | HP: 2/35 [goblin/+0 dagger[Robin] (4)]
  3195 | D:3      | Slain by Robin

Vanquished Creatures
  A hound (D:4)
  An iguana (D:4)
  6 adders
  2 worms (D:2)
  A dart slug (D:3)
  An orc (D:4)
  5 ball pythons
  5 endoplasms
  2 giant cockroaches (D:3)
  3 goblins
  6 hobgoblins
  7 jackals (D:1)
  7 kobolds
  2 quokkas (D:3)
  4 bats
  5 frilled lizards
  5 rats
63 creatures vanquished.

Table legend:
 A = Non-vault XP
 B = Vault XP
 C = Vault XP percentage of total XP
 D = Non-vault monster count
 E = Vault monster count
 F = Vault count percentage of total count
                 A         B        C        D         E       F
            +---------+---------+-------+---------+---------+-------
      Total |     254 |       2 |   0.8 |      62 |       1 |   1.6
            +---------+---------+-------+---------+---------+-------
        D:1 |      33 |       0 |   0.0 |      20 |       0 |   0.0
        D:2 |      79 |       0 |   0.0 |      18 |       0 |   0.0
        D:3 |      54 |       2 |   3.6 |      17 |       1 |   5.6
        D:4 |      88 |       0 |   0.0 |       7 |       0 |   0.0
            +---------+---------+-------+---------+---------+-------

Skill      XL: |  1  2  3  4 |
---------------+-------------+-----
Short Blades   | 1 2 |  2.8
Stealth        | 3 |  3.5
Ice Magic      | 1 |  1.1
Dodging        | |  1.7
Spellcasting   | |  2.8
Hexes          | |  3.7

Action                     |  1- 3 |  4- 6 || total
---------------------------+-------+-------++-------
  Melee: Dagger            |    93 |       ||    93
         Punch             |     1 |       ||     1
         Short sword       |    26 |    95 ||   121
   Cast: Ensorcelled Hiber |     3 |     5 ||     8
    Use: Scroll            |       |     9 ||     9
         Potion            |       |     1 ||     1
   Stab: Sleeping          |    15 |     7 ||    22
 Armour: Robe              |    35 |    30 ||    65
  Dodge: Dodged            |    84 |    37 ||   121

Illustrated notes

Table legend:
 A = Kills in this place as a percentage of kills in the entire game.
 B = Kills by you in this place as a percentage of kills by you in the entire game.
 C = Kills by friends in this place as a percentage of kills by friends in the entire game.
 D = Other kills in this place as a percentage of other kills in the entire game.
 E = Experience gained in this place as a percentage of experience gained in the entire game.
 F = Experience gained in this place divided by the number of levels of this place that you have seen.
                   A       B       C       D       E      F
               +-------+-------+-------+-------+-------+----------------------
         Total | 100.0 | 100.0 |   N/A |   N/A | 100.0 |  64.0
       Dungeon | 100.0 | 100.0 |   N/A |   N/A | 100.0 |  64.0
               +-------+-------+-------+-------+-------+----------------------

Table legend: (Time is in decaauts)
 A = Elapsed time spent in this place.
 B = Non-inter-level travel time spent in this place.
 C = Inter-level travel time spent in this place.
 D = Time resting spent in this place.
 E = Time spent auto-exploring this place.
 F = Levels seen in this place.
 G = Mean time per level.
                   A        B        C        D        E       F      G
               +--------+--------+--------+--------+--------+-----+--------+
         Total |   3137 |   3006 |    131 |     61 |   2486 |   4 |  784.2 |
       Dungeon |   3137 |   3006 |    131 |     61 |   2486 |   4 |  784.2 |
               +--------+--------+--------+--------+--------+-----+--------+

Top non-repeatable levels by time:
     D:1: 1008 daAuts
     D:2: 896 daAuts
     D:3: 872 daAuts
     D:4: 360 daAuts
